 Dungeon Crawl Stone Soup version 0.26-a0-257-g47e9e61525 (webtiles) character file.

Game seed: 3762199932359604285

65 p0wl the Shield-Bearer (level 3, -12/33 HPs)
             Began as a Minotaur Fighter on July 10, 2020.
             Killed by nerve-wracking pain
             ... invoked by Grinder
              (14 damage)
             ... on level 3 of the Dungeon.
             The game lasted 00:01:36 (1160 turns).

p0wl the Shield-Bearer (Minotaur Fighter)           Turns: 1160, Time: 00:01:37

Health: -12/33     AC:  7    Str: 20    XL:     3   Next: 94%
Magic:  2/2        EV:  8    Int:  5    God:
Gold:   133        SH:  9    Dex: 10    Spells: 2/2 levels left

rFire    . . .     SeeInvis .   a - +0 flail
rCold    . . .     Faith    .   c - +0 kite shield
rNeg     . . .     Spirit   .   b - +0 scale mail
rPois    .         Reflect  .   (helmet restricted)
rElec    .         Harm     .   (no cloak)
rCorr    .                      (no gloves)
MR       .....                  (no boots)
Stlth    ..........             (no amulet)
HPRegen  0.11/turn              (no ring)
MPRegen  0.08/turn              (no ring)

@: no status effects
A: retaliatory headbutt, horns 2
a: no special abilities


You were on level 3 of the Dungeon.
You were not hungry.

You visited 1 branch of the dungeon, and saw 3 of its levels.

You collected 133 gold pieces.

Inventory:

Hand Weapons
 a - a +0 flail (weapon)
Armour
 b - a +0 scale mail (worn)
 c - a +0 kite shield (worn)
Scrolls
 g - a scroll of fog {unknown}
 h - a scroll of enchant armour {unknown}
 i - 2 scrolls of identify {unknown}
Potions
 d - a potion of might
 e - a potion of lignification {unknown}
 j - 2 potions of mutation {unknown}
 k - a potion of haste {unknown}
Comestibles
 f - 7 rations


   Skills:
 + Level 4.2 Fighting
 + Level 3.1 Maces & Flails
 + Level 4.1 Armour
 + Level 1.4 Dodging
 + Level 4.2 Shields


You had 2 spell levels left.
You didn't know any spells.
Your spell library was empty.

Dungeon Overview and Level Annotations

Branches:
Dungeon (3/15)

Altars:
Ru

Annotations:
D:3 Grinder, Natasha


Innate Abilities, Weirdness & Mutations

You reflexively headbutt those who attack you in melee.
You have a pair of horns on your head.


Message History

A frilled lizard comes into view.
The frilled lizard hisses angrily.
Things that are here:
a bat corpse; a giant cockroach corpse Your shield and scale mail prevent you from hitting Grinder.
Your headbutt misses Grinder.
Grinder is heavily wounded.
Grinder gestures at you. Pain shoots through your body!
* * * LOW HITPOINT WARNING * * *
You closely miss Grinder.
Grinder is heavily wounded.
Grinder gestures at you.
You barely resist.
Grinder blinks!
Natasha, Servant of Life and Death comes into view.
Natasha hisses angrily.
The adder closely misses you. Grinder gestures at you.
Pain shoots through your body!
You die...

#..#.....
.....#...
#..h.....
####........
####.....(.....
...............
.......?....#
#S# ###@# #.†.#
#.### l5. ...##
....# (... ...
..


You could see Grinder, Natasha, an adder and a frilled lizard.

Vanquished Creatures
  An adder (D:2)
  An ooze (D:1)
  A dart slug (D:1)
  2 leopard geckos (D:1)
  3 ball pythons
  3 giant cockroaches
  8 goblins
  4 hobgoblins
  2 jackals (D:2)
  A quokka (D:2)
  7 bats
  3 frilled lizards
  3 kobolds
  6 rats
45 creatures vanquished.

Notes
Turn   | Place    | Note
-------+----------+-------------------------------------------
     0 | D:1      | p0wl the Minotaur Fighter began the quest for the Orb.
     0 | D:1      | Reached XP level 1. HP: 19/19 MP: 0/0
    95 | D:1      | Reached XP level 2. HP: 27/27 MP: 1/1
   423 | D:1      | Reached skill level 1 in Dodging
   496 | D:1      | Reached XP level 3. HP: 33/33 MP: 2/2
   816 | D:2      | Found a sacrificial altar of Ru.
  1147 | D:3      | Noticed Grinder
  1160 | D:3      | Noticed Natasha
  1160 | D:3      | Killed from afar by Grinder

Illustrated notes

Levels and vault maps discovered:
D:1:      dpeg_arrival_tiny_d, layout_basic
D:2:      layout_rooms, nicolae_ru_sacrificial_ziggurat
D:3:      layout_rooms, old_standard_altar, uniq_crazy_yiuf_cottage,
          uniq_natasha, uniq_sigmund, uniq_grinder

Skill      XL: |  1  2  3 |
---------------+----------+-----
Dodging        | 1 |  1.4
Shields        | 4 |  4.2
Fighting       | 4 |  4.2
Armour         | 4 |  4.1
Maces & Flails | 3 |  3.1

Action                   || total
-------------------------++-------
Melee: Flail             ||    88
       Headbutt          ||    12
  Eat: Ration            ||     1
Armor: Scale mail        ||    28
Dodge: Dodged            ||    34
Block: Kite shield       ||    46

Table legend:
 A = Non-vault XP
 B = Vault XP
 C = Vault XP percentage of total XP
 D = Non-vault monster count
 E = Vault monster count
 F = Vault count percentage of total count
                 A         B        C        D         E       F
            +---------+---------+-------+---------+---------+-------
      Total |      94 |       0 |   0.0 |      45 |       0 |   0.0
            +---------+---------+-------+---------+---------+-------
        D:1 |      45 |       0 |   0.0 |      22 |       0 |   0.0
        D:2 |      45 |       0 |   0.0 |      20 |       0 |   0.0
        D:3 |       4 |       0 |   0.0 |       3 |       0 |   0.0
            +---------+---------+-------+---------+---------+-------
